 Dungeon Crawl Stone Soup version 0.25-a0-346-g140ab784a8 (webtiles) character file.

Game seed: 11352685479917603933, levelgen mode: deterministic

12840 cicero the Thaumaturge (level 11, -3/54 HPs)
             Began as a Felid Venom Mage on Dec 31, 2019.
             Was a High Priest of Dithmenos.
             Slain by a centaur warrior (7 damage)
             ... on level 14 of the Dungeon.
             The game lasted 01:14:01 (20663 turns).

cicero the Thaumaturge (Felid Venom Mage)          Turns: 20663, Time: 01:14:01

Health: -3/54      AC:  3    Str:  9    XL:     11   Next: 67%
Magic:  12/25      EV: 24    Int: 17    God:    Dithmenos [*****.]
Gold:   799        SH:  0    Dex: 19    Spells: 14/29 levels left
                                        Lives:  0   Deaths: 2

rFire    . . .     SeeInvis +     - Unarmed
rCold    + . .     Gourm    .   (shield unavailable)
rNeg     . . .     Faith    .   (armour unavailable)
rPois    +         Spirit   .   (helmet unavailable)
rElec    .         Reflect  .   (cloak unavailable)
rCorr    .         Harm     .   (gloves unavailable)
MR       +....                  (boots unavailable)
Stlth    +++++++...             F - amulet of magic regeneration
HPRegen  0.18/turn              q - +3 ring of strength
MPRegen  0.44/turn              E - ring of wizardry

@: wreathed by umbra, quick
A: very small, no armour, no weapons or thrown items, stealth, claws 1, fangs 3,
repulsion field 1, see invisible, carnivore, speed 1, poison resistance, shaggy
fur 3, slow metabolism 1, wild magic 1, sharp paws
a: Shadow Step, Shadow Form, Renounce Religion


You were on level 14 of the Dungeon.
You worshipped Dithmenos.
Dithmenos was extremely pleased with you.
You were full.

You visited 1 branch of the dungeon, and saw 14 of its levels.
You also visited: Gauntlet.

You collected 799 gold pieces.

Inventory:

Jewellery
 p - an uncursed ring of ice
 q - a +3 ring of strength (left paw)
 A - an uncursed ring of protection from cold
 E - a ring of wizardry (right paw)
 F - an amulet of magic regeneration (around neck)
Wands
 c - a wand of polymorph (10)
 i - a wand of enslavement (9)
 r - a wand of acid (5)
 v - a wand of paralysis (23)
 B - a wand of random effects (20)
 D - a wand of flame (46)
 G - a wand of disintegration (13)
Scrolls
 e - 3 scrolls of noise {unknown}
 g - 2 scrolls of immolation {unknown}
 h - 6 scrolls of teleportation
 j - a scroll of identify
 m - 4 scrolls of remove curse
 o - a scroll of fog {unknown}
 s - 4 scrolls of amnesia
 t - 4 scrolls of magic mapping
 w - 2 scrolls of blinking {unknown}
 y - a scroll of fear {unknown}
Potions
 d - a potion of flight
 f - 2 potions of haste
 k - a potion of invisibility
 l - a potion of resistance
 n - 6 potions of curing
 u - 2 potions of magic
 z - 2 potions of agility
 H - a potion of brilliance
Miscellaneous
 a - a lamp of fire
Comestibles
 b - 24 rations


   Skills:
 * Level 9.6 Fighting
 + Level 6.1 Dodging
 + Level 6.6 Stealth
 * Level 9.5 Unarmed Combat
 + Level 9.9 Spellcasting
 - Level 6.0 Conjurations
 - Level 5.0 Hexes
 - Level 4.1 Translocations
 - Level 1.7 Transmutations
 - Level 3.0 Fire Magic
 * Level 4.3 Ice Magic
 - Level 2.9 Air Magic
 - Level 8.0 Poison Magic
 - Level 4.0 Invocations


You had 14 spell levels left.
You knew the following spells:

 Your Spells              Type           Power        Failure   Level  Hunger
a - Sting                 Tmut/Pois      ####         1%          1    None
b - Poisonous Vapours     Pois/Air       #####.       1%          2    None
c - Blink                 Tloc           N/A          1%          2    None
d - Magic Dart            Conj           ####         1%          1    None
e - Olgreb's Toxic Radia  Pois           #####...     2%          4    ###....
f - Conjure Flame         Conj/Fire      ####....     2%          3    None
g - Ensorcelled Hibernat  Hex/Ice        ####..       1%          2    None

Your spell library contained the following spells:

 Spells                   Type           Power        Failure   Level  Hunger
 Confusing Touch          Hex            ####..       1%          1    None
 Corona                   Hex            ####...      1%          1    None
 Slow                     Hex            ####....     1%          2    None
 Dazzling Flash           Conj/Hex       #####.       1%          3    None
 Mephitic Cloud           Conj/Pois/Air  #####...     1%          3    None
 Confuse                  Hex            ####....     2%          3    None
 Tukima's Dance           Hex            ####....     2%          3    None
 Gell's Gravitas          Tloc           ####......   3%          3    None
 Ignite Poison            Fire/Tmut/Pois ####....     3%          3    None
 Call Imp                 Summ           ##......     8%          2    None
 Metabolic Englaciation   Hex/Ice        ####......   19%         5    #####..
 Petrify                  Tmut/Erth      ##......     30%         4    ###....
 Yara's Violent Unravell  Hex/Tmut       ####......   30%         5    #####..


Dungeon Overview and Level Annotations

Branches:
Dungeon (14/15)            Temple (0/1) D:4            Lair (0/6) D:8
    Orc (0/2) D:10        Gauntlet (visited)
 Vaults: D:13-14

Altars:
Ashenzari
Dithmenos
Fedhas
Gozag
Vehumet
The Shining One

Annotations:
D:3 exclusion: downstairs, Sigmund
D:4 exclusion: phantom
D:5 exclusion: downstairs
D:9 exclusion: downstairs
D:10 exclusion: downstairs
D:12 exclusion: downstairs


Innate Abilities, Weirdness & Mutations

You cannot wear armour.
You are incapable of wielding weapons or throwing items.
Your paws allow you to move quietly. (Stealth)
You have sharp claws.
You have razor-sharp teeth.
You have supernaturally acute eyesight. (SInv)
You are carnivorous and can eat meat at any time.
You cover ground quickly.
Your thick and shaggy fur keeps you warm. (AC +3, rC+)
You have a slow metabolism.
Your sharp claws are effective at attacking unaware monsters.
You are surrounded by a mild repulsion field. (EV +2)
Your system is resistant to poisons. (rPois)
Your spells are a little harder to cast, but a little more powerful.


Message History

The centaur warrior closely misses you.
You barely miss the centaur warrior.
The centaur warrior is moderately wounded.
The centaur warrior is engulfed in poison gas.
The centaur warrior looks as sick as possible!
The centaur warrior hits you.
Casting: Poisonous Vapours (safe; 1% risk of failure)
Confirm with . or Enter, or press ? or * to list all spells.
Aiming: Poisonous Vapours (safe; 1% risk of failure)
Press: ? - help, Dir - move target cursor, f/p - centaur warrior
Aim: a centaur warrior, quivering 15 arrows (heavily wounded, extremely poisoned, umbra) Poisonous vapours surround the centaur warrior!
The centaur warrior is engulfed in poison gas.
The centaur warrior looks as sick as possible!
The centaur warrior hits you!
* * * LOW HITPOINT WARNING * * *
The centaur warrior is engulfed in poison gas.
The centaur warrior looks as sick as possible!
The centaur warrior hits you!
You die...

#.# ##.#
##..#
##..##
#..##
#.## #.#
#.# . #@#
....###c#
.c....Zc#
...c###.#
.. #..
##.. #..#
#.# #.#
.8.


You could see a centaur warrior, a centaur and a centaur warrior skeleton.

Vanquished Creatures
  A minotaur (Gauntlet)
  3 hydras
  2 centaur warriors (D:13)
  5 two-headed ogres
  3 unseen horrors
  9 ugly things
  7 cyclopes
  5 centaur zombies
  Maurice (D:9)
  A gargoyle (D:11)
  2 komodo dragons
  A kobold demonologist (D:12)
  3 trolls
  Prince Ribbit (D:5)
  4 slime creatures (D:11)
  7 hippogriffs
  A flying skull (Gauntlet)
  2 shadows (D:12)
  2 vampires
  2 wraiths
  Eustachio (D:5)
  16 yaks
  A hungry ghost (D:12)
  Menkaure (D:7)
  2 swamp worms (Gauntlet)
  A warg (D:10)
  3 acid dragons
  A soldier ant (D:10)
  Duvessa (D:6)
  A water moccasin (D:11)
  4 ice beasts
  10 orc warriors
  A sky beast (D:7)
  8 ogres
  A necrophage (D:12)
  6 centaurs
  A crocodile (D:11)
  A big kobold (D:11)
  6 bullfrogs
  A gnoll sergeant (D:9)
  A wyvern zombie (D:12)
  Dowan (D:6)
  A wyvern skeleton (D:11)
  2 scorpions (D:9)
  4 killer bees (D:11)
  A wight (D:12)
  7 howler monkeys
  10 crimson imps
  2 bullfrog zombies
  8 jellies
  3 hounds
  3 quasits
  10 orc wizards
  4 centaur skeletons
  11 orc priests
  7 iguanas
  3 bullfrog skeletons
  14 worker ants
  2 hound zombies
  2 hound skeletons
  Robin (D:2)
  8 gnolls
  A howler monkey skeleton (D:7)
  18 adders
  2 shadow imps
  An ooze (D:3)
  An adder skeleton (D:10)
  6 leopard geckos
  49 orcs
  4 giant cockroaches
  10 goblins
  12 hobgoblins
  11 jackals
  A quokka (D:2)
  2 ball pythons
  7 bats
  7 frilled lizards
  17 kobolds
  A quokka skeleton (D:4)
  7 rats
391 creatures vanquished.

Vanquished Creatures (others)
  A manticore (D:13)
1 creature vanquished.

Grand Total: 392 creatures vanquished

Notes
Turn   | Place    | Note
-------+----------+-------------------------------------------
     0 | D:1      | cicero the Felid Venom Mage began the quest for the Orb.
     0 | D:1      | Reached XP level 1. HP: 7/7 MP: 4/4
   228 | D:1      | Reached XP level 2. HP: 6/11 MP: 4/6
   398 | D:1      | Learned a level 2 spell: Poisonous Vapours
  1071 | D:2      | Reached XP level 3. HP: 15/15 MP: 0/7
  1173 | D:2      | Found a faded altar of an unknown god.
  1243 | D:2      | Reached skill level 1 in Fighting
  1361 | D:2      | Found an opulent altar of Gozag.
  1857 | D:2      | Noticed Robin
  1882 | D:2      | Killed Robin
  1882 | D:2      | Reached XP level 4. HP: 12/19 MP: 4/8
  2262 | D:2      | Found a radiant altar of Vehumet.
  2262 | D:2      | Found a shattered altar of Ashenzari.
  2457 | D:3      | Found a shadowy altar of Dithmenos.
  2466 | D:3      | Reached skill level 1 in Unarmed Combat
  2581 | D:3      | Became a worshipper of Dithmenos the Shadowed
  2592 | D:3      | Noticed Sigmund
  3085 | D:3      | Found a blossoming altar of Fedhas.
  3158 | D:3      | Reached XP level 5. HP: 22/22 MP: 6/9
  3500 | D:4      | Reached skill level 1 in Air Magic
  3959 | D:4      | Noticed a phantom
  4008 | D:4      | Gained mutation: You are covered in thick fur. (AC +2)
                  | [Felid growth]
  4008 | D:4      | Reached XP level 6. HP: 19/27 MP: 11/11
  4112 | D:4      | Reached * piety under Dithmenos
  4217 | D:4      | Found a staircase to the Ecumenical Temple.
  4677 | D:5      | Entered Level 5 of the Dungeon
  4768 | D:5      | Noticed Eustachio
  4801 | D:5      | Killed Eustachio
  5144 | D:5      | Noticed Prince Ribbit
  5161 | D:5      | Reached XP level 7. HP: 27/31 MP: 13/13
  5214 | D:5      | Noticed a hippogriff
  5223 | D:5      | Killed Prince Ribbit
  5320 | D:5      | Killed a hippogriff
  5551 | D:5      | Learned a level 2 spell: Blink
  5574 | D:5      | Reached XP level 8. HP: 36/36 MP: 8/15
  6331 | D:6      | Learned a level 1 spell: Magic Dart
  6441 | D:6      | Found a glowing golden altar of the Shining One.
  6467 | D:6      | Noticed Dowan
  6734 | D:6      | Noticed Duvessa
  6793 | D:6      | Killed Duvessa
  6793 | D:6      | Reached skill level 1 in Conjurations
  6844 | D:6      | Learned a level 4 spell: Olgreb's Toxic Radiance
  6866 | D:6      | Killed Dowan
  6926 | D:6      | Reached ** piety under Dithmenos
  7089 | D:6      | Reached skill level 5 in Fighting
  7458 | D:7      | Reached skill level 1 in Invocations
  7685 | D:7      | Noticed Menkaure
  7688 | D:7      | Killed Menkaure
  7688 | D:7      | Reached XP level 9. HP: 40/40 MP: 14/16
  7729 | D:7      | Reached skill level 5 in Unarmed Combat
  9247 | D:8      | Found a staircase to the Lair.
  9409 | D:8      | Reached skill level 5 in Poison Magic
 10343 | D:9      | Reached skill level 5 in Spellcasting
 10506 | D:9      | Reached XP level 10. HP: 33/46 MP: 4/18
 10507 | D:9      | Reached *** piety under Dithmenos
 10750 | D:9      | Noticed a two-headed ogre
 10759 | D:9      | Killed a two-headed ogre
 10948 | D:9      | Noticed a two-headed ogre
 10978 | D:9      | Killed a two-headed ogre
 10978 | D:9      | Reached skill level 5 in Conjurations
 11294 | D:9      | Noticed Maurice
 11315 | D:9      | Killed Maurice
 11819 | D:10     | Entered Level 10 of the Dungeon
 11819 | D:10     | Found a staircase to the Orcish Mines.
 11925 | D:10     | Noticed a two-headed ogre
 11946 | D:10     | Killed a two-headed ogre
 11946 | D:10     | Reached skill level 1 in Translocations
 12003 | D:10     | Noticed a cyan ugly thing
 12028 | D:10     | Killed a cyan ugly thing
 12028 | D:10     | Reached XP level 11. HP: 49/50 MP: 8/22
 12152 | D:10     | Learned a level 3 spell: Conjure Flame
 12228 | D:10     | Reached **** piety under Dithmenos
 12324 | D:10     | Gained mutation: Your system is resistant to poisons.
                  | (rPois) [potion of mutation]
 12324 | D:10     | Gained mutation: Your spells are a little harder to cast,
                  | but a little more powerful. [potion of mutation]
 12324 | D:10     | Gained mutation: You are surrounded by a mild repulsion
                  | field. (EV +2) [potion of mutation]
 12574 | D:10     | Learned a level 2 spell: Ensorcelled Hibernation
 12733 | D:10     | Reached skill level 1 in Hexes
 12891 | D:10     | Noticed an unseen horror
 12903 | D:10     | Killed an unseen horror
 13249 | D:11     | Noticed a two-headed ogre
 13284 | D:11     | Killed a two-headed ogre
 13321 | D:11     | Noticed a red ugly thing
 13334 | D:11     | Reached skill level 1 in Fire Magic
 13338 | D:11     | Noticed a white ugly thing
 13372 | D:11     | Killed a white ugly thing
 13372 | D:11     | Reached skill level 5 in Stealth
 13372 | D:11     | Reached skill level 1 in Ice Magic
 13430 | D:11     | Found a gate leading to a gauntlet.
 13439 | Gauntlet | Entered a Gauntlet
 13439 | Gauntlet | Found a transporter.
 13439 | Gauntlet | Found a transporter.
 13640 | Gauntlet | Found a transporter.
 13643 | Gauntlet | Found a transporter.
 13660 | Gauntlet | Found a transporter.
 13668 | Gauntlet | Found a transporter.
 13672 | Gauntlet | Found a transporter.
 13678 | Gauntlet | Found a runed translucent gate.
 13680 | Gauntlet | Found a transporter.
 13681 | Gauntlet | Found a runed translucent gate.
 13682 | Gauntlet | Found a runed translucent gate.
 13689 | Gauntlet | Noticed a wretched star
 13696 | Gauntlet | Found a transporter.
 13699 | Gauntlet | Noticed an orange crystal statue
 13710 | Gauntlet | Found a transporter.
 13714 | Gauntlet | Found a transporter.
 13725 | Gauntlet | Found a transporter.
 14188 | Gauntlet | Noticed a minotaur
 14211 | Gauntlet | Killed a minotaur
 14530 | D:11     | Reached skill level 5 in Dodging
 14561 | D:11     | Noticed a seven-headed hydra
 14573 | D:11     | Killed a seven-headed hydra
 14777 | D:11     | Gained mutation: Your thick and shaggy fur keeps you warm.
                  | (AC +3, rC+) [Felid growth]
 14777 | D:11     | Reached XP level 12. HP: 56/56 MP: 22/25
 14924 | D:11     | Noticed a five-headed hydra
 14951 | D:11     | Killed a five-headed hydra
 15399 | D:11     | Reached ***** piety under Dithmenos
 17217 | D:12     | Reached skill level 5 in Hexes
 17266 | D:12     | Noticed a five-headed hydra
 17271 | D:12     | Killed a five-headed hydra
 18323 | D:13     | HP: 1/57 [acid (15)]
 18620 | D:13     | Noticed a centaur warrior
 19205 | D:13     | Noticed a centaur warrior
 19311 | D:13     | HP: 2/57 [centaur warrior/arrow (11)]
 19312 | D:13     | Shot with an arrow by a centaur warrior
 19313 | D:13     | Reached XP level 11. HP: -16/53 MP: 17/25
 19318 | D:13     | Killed a centaur warrior
 19318 | D:13     | Reached XP level 12. HP: 57/57 MP: 26/26
 19336 | D:13     | Slain by a centaur warrior
 19337 | D:13     | Reached XP level 11. HP: -2/53 MP: 18/25
 19337 | D:13     | Killed a centaur warrior
 19488 | D:13     | Noticed a two-headed ogre
 19505 | D:13     | Killed a two-headed ogre
 19677 | D:13     | Noticed a green ugly thing
 19926 | D:13     | Killed a green ugly thing
 20171 | D:14     | Noticed a cyan ugly thing
 20199 | D:14     | Killed a cyan ugly thing
 20262 | D:14     | Noticed a seven-headed hydra
 20420 | D:14     | Noticed a red ugly thing
 20435 | D:14     | Noticed a red ugly thing
 20447 | D:14     | Killed a red ugly thing
 20448 | D:14     | Noticed a red ugly thing
 20473 | D:14     | Killed a purple ugly thing
 20480 | D:14     | Killed a purple ugly thing
 20653 | D:14     | Noticed a centaur warrior
 20663 | D:14     | Slain by a centaur warrior

Levels and vault maps discovered:
D:1:      grunt_arrival_lava_bath, layout_loops_cross
D:2:      layout_loops_ring, gammafunk_temple_overflow_elements,
          old_standard_altar, chequers_ecumenical_altar_island, first_ration,
          kennysheep_generic_room_12, uniq_robin
D:3:      layout_loops_ring, fedhas_ov_isle_minmay, lemuel_round_altar,
          uniq_sigmund
D:4:      layout_basic, minmay_temple_entry_antechambers
D:5:      layout_cave_pools, uniq_prince_ribbit1, uniq_eustachio
D:6:      layout_basic, tso_metal_star, uniq_duvessa
D:7:      layout_rooms, uniq_menkaure
D:8:      layout_basic, lair_entry_dummy
D:9:      layout_roguey, roderic_nine_men_s_morris, uniq_maurice
D:10:     layout_roguey, david_orc_3
D:11:     minmay_ornate_pinched, layout_basic, gauntlet_entry_generic
D:12:     minmay_four_partial_circles, layout_rooms
D:13:     layout_gridville
D:14:     minmay_the_grid_octo_tiled_squarecenter_mashed
          [minmay_the_grid_octo_clover, minmay_the_grid_octo_horde,
          minmay_the_grid_octo_odd_swirl, minmay_the_grid_octo_pinwheel,
          minmay_the_grid_square_5x5_megaprize_open,
          minmay_the_grid_square_5x5_comb,
          minmay_the_grid_square_5x5_hollow_slash,
          minmay_the_grid_square_5x5_shrine1,
          minmay_the_grid_square_5x5_longway], layout_long_grid, erik_vaults_2,
          serial_rivers, chequers_serial_rivers_micro_d,
          chequers_serial_rivers_small_3, chequers_serial_rivers_room_b,
          chequers_serial_rivers_micro_b

Skill      XL: |  1  2  3  4  5  6  7  8  9 10 11 12 |
---------------+-------------------------------------+-----
Stealth        | 3 4 5 6 |  6.6
Poison Magic   | 3 4 5 6 7 8 |  8.0
Fighting       | 1 2 3 4 5 6 7 8 9 |  9.6
Dodging        | 3 4 6 |  6.1
Unarmed Combat | 1 2 3 4 6 9 8 |  9.5
Air Magic      | 1 2 |  2.9
Spellcasting   | 3 4 5 6 8 9 |  9.9
Conjurations   | 2 4 5 6 |  6.0
Invocations    | 1 3 4 |  4.0
Translocations | 2 4 |  4.1
Hexes          | 3 5 |  5.0
Fire Magic     | 2 3 |  3.0
Ice Magic      | 4 3 |  4.3
Transmutations | |  1.7

Action                   |  1- 3 |  4- 6 |  7- 9 | 10-12 || total
-------------------------+-------+-------+-------+-------++-------
Melee: Unarmed           |    99 |   134 |   150 |   425 ||   808
       Bite              |     8 |    15 |    16 |    54 ||    93
       Punch             |       |       |     4 |    20 ||    24
 Cast: Sting             |     5 |       |     5 |     3 ||    13
       Poisonous Vapours |    17 |    58 |   113 |   265 ||   453
       Magic Dart        |       |       |    56 |    97 ||   153
       Olgreb's Toxic Ra |       |       |    13 |    77 ||    90
       Ensorcelled Hiber |       |       |       |     5 ||     5
       Conjure Flame     |       |       |       |     8 ||     8
Evoke: Wand              |       |       |     5 |    12 ||    17
       Lamp of fire      |       |       |       |     1 ||     1
  Use: Potion            |       |     1 |     2 |     9 ||    12
       Scroll            |       |       |     7 |     9 ||    16
 Stab: Sleeping          |     4 |     3 |     2 |    18 ||    27
       Distracted        |       |       |       |     3 ||     3
  Eat: Chunk             |    11 |     9 |    16 |    30 ||    66
Armor: Skin              |     8 |     8 |    14 |    27 ||    57
Dodge: Dodged            |   112 |   106 |   140 |   544 ||   902

Table legend:
 A = Non-vault XP
 B = Vault XP
 C = Vault XP percentage of total XP
 D = Non-vault monster count
 E = Vault monster count
 F = Vault count percentage of total count
                 A         B        C        D         E       F
            +---------+---------+-------+---------+---------+-------
      Total |   32878 |   12355 |  27.3 |     331 |      60 |  15.3
            +---------+---------+-------+---------+---------+-------
        D:1 |      25 |       0 |   0.0 |      15 |       0 |   0.0
        D:2 |      66 |      30 |  31.2 |      28 |       9 |  24.3
        D:3 |     164 |       0 |   0.0 |      24 |       0 |   0.0
        D:4 |     158 |       0 |   0.0 |      17 |       0 |   0.0
        D:5 |     689 |     480 |  41.1 |      15 |       2 |  11.8
        D:6 |     577 |     220 |  27.6 |      15 |       2 |  11.8
        D:7 |    1488 |     172 |  10.4 |      24 |       1 |   4.0
        D:8 |     560 |       0 |   0.0 |      14 |       0 |   0.0
        D:9 |    4484 |     449 |   9.1 |      35 |       1 |   2.8
       D:10 |    4282 |     481 |  10.1 |      35 |       9 |  20.5
       D:11 |    8082 |    4614 |  36.3 |      52 |      15 |  22.4
       D:12 |    3414 |    3633 |  51.6 |      21 |      16 |  43.2
       D:13 |    5927 |       0 |   0.0 |      26 |       0 |   0.0
       D:14 |    2962 |     523 |  15.0 |      10 |       1 |   9.1
   Gauntlet |       0 |    1753 | 100.0 |       0 |       4 | 100.0
            +---------+---------+-------+---------+---------+-------
